 Dungeon Crawl Stone Soup version 0.30-a0-782-ge64f9170bb (webtiles) character file.

Game seed: 10254575804368383963

8358 pokeman the Thaumaturge (level 11, 0/64 HPs)
             Began as a Deep Elf Hedge Wizard on Feb 18, 2023.
             Was a Follower of Vehumet.
             Slain by a yak (8 damage)
             ... on level 9 of the Dungeon.
             The game lasted 00:24:59 (11762 turns).

pokeman the Thaumaturge (Deep Elf Hedge Wizard)    Turns: 11762, Time: 00:25:00

Health: 0/64       AC:  4    Str:  7    XL:     11   Next: 8%
Magic:  20/31      EV: 13    Int: 24    God:    Vehumet [*.....]
Gold:   705        SH:  0    Dex: 14    Spells: 28/39 levels left

rFire   + . .      SeeInvis .    Q - -2 demon whip (venom)
rCold   + . .      Faith    .    (no shield)
rNeg    . . .      Spirit   .    b - +0 robe
rPois   .          Reflect  .    i - +0 helmet
rElec   .          Harm     .    e - +0 cloak
rCorr   .          Rampage  .    (no gloves)
Will    +....                    (no boots)
Stlth   ++                       E - amulet of the acrobat
HPRegen 0.30/turn                F - ring of protection from fire
MPRegen 0.22/turn                z - ring of protection from cold

@: no status effects
A: no striking features
a: Renounce Religion


You were on level 9 of the Dungeon.
You worshipped Vehumet.
Vehumet was aware of your devotion.
You visited 2 branches of the dungeon, and saw 10 of its levels.
You also visited: Sewer and Ossuary.

You collected 762 gold pieces.
You spent 57 gold pieces at shops.

Inventory:

Hand Weapons
 p - a +1 dagger of venom
 Q - a -2 demon whip of venom (weapon)
Missiles
 v - 2 curare-tipped darts
Armour
 b - a +0 robe (worn)
 e - a +0 cloak (worn)
 i - a +0 helmet (worn)
Jewellery
 z - a ring of protection from cold (right hand)
 D - an amulet of faith
 E - an amulet of the acrobat (around neck)
 F - a ring of protection from fire (left hand)
 N - a ring of willpower
 R - a ring of flight
 T - a ring of ice
Wands
 x - a wand of polymorph (7)
 y - a wand of quicksilver (9)
 H - a wand of roots (8)
Scrolls
 a - 3 scrolls of enchant weapon {unknown}
 g - 11 scrolls of identify {unknown}
 h - 6 scrolls of poison {unknown}
 l - a scroll of immolation {unknown}
 m - 3 scrolls of magic mapping {unknown}
 n - 2 scrolls of summoning {unknown}
 q - 4 scrolls of teleportation {unknown}
 s - 3 scrolls of vulnerability {unknown}
 u - 3 scrolls of amnesia {unknown}
 A - 2 scrolls of torment {unknown}
 B - a scroll of blinking {unknown}
 G - a scroll of fog {unknown}
 I - a scroll of enchant armour {unknown}
 O - a scroll of noise {unknown}
 S - a scroll of fear {unknown}
Potions
 c - 5 potions of lignification {unknown}
 d - 4 potions of magic
 f - 3 potions of curing
 j - 4 potions of mutation {unknown}
 k - 2 potions of berserk rage {unknown}
 o - 2 potions of might {unknown}
 r - 2 potions of invisibility {unknown}
 t - 2 potions of haste {unknown}
 w - 3 potions of resistance
 C - 5 potions of heal wounds {unknown}
 J - 3 potions of flight {unknown}
 K - 3 potions of degeneration {unknown}
 L - a potion of brilliance {unknown}
 M - a potion of cancellation {unknown}
Miscellaneous
 P - a piece from Xom's chessboard (15/15)


   Skills:
 + Level 5.2 Fighting
 - Level 3.0 Armour
 - Level 3.0 Dodging
 - Level 3.0 Stealth
 * Level 14.6 Spellcasting
 + Level 8.5 Conjurations
 + Level 7.9 Summonings
 - Level 1.1 Translocations
 - Level 1.1 Air Magic
 - Level 1.2 Poison Magic
 - Level 1.0 Evocations


You had 28 spell levels left.
You knew the following spells:

 Your Spells              Type           Power      Damage    Failure   Level
a - Magic Dart            Conj           100%       1d8       1%          1
b - Mephitic Cloud        Conj/Pois/Air  34%        N/A       2%          3
c - Call Imp              Summ           54%        N/A       1%          2
d - Blink                 Tloc           44%        N/A       3%          2
e - Call Canine Familiar  Summ           54%        N/A       1%          3

Your spell library contained the following spells:

 Spells                   Type           Power      Damage    Failure   Level
 Shock                    Conj/Air       100%       1d9       1%          1
 Sting                    Tmut/Pois      80%        1d7       2%          1
 Slow                     Hex            68%        N/A       3%          1
 Cigotuvi's Dreadful Rot  Necr/Pois/Air  42%        N/A       3%          2
 Poisonous Vapours        Pois/Air       46%        N/A       3%          2
 Ensorcelled Hibernation  Hex/Ice        34%        N/A       4%          2
 Passwall                 Tmut/Erth      14%        N/A       4%          2
 Swiftness                Air            22%        N/A       6%          3
 Portal Projectile        Hex/Tloc       40%        N/A       8%          3
 Tukima's Dance           Hex            17%        N/A       10%         3
 Summon Forest            Summ/Tloc      19%        N/A       14%         5
 Summon Mana Viper        Hex/Summ       36%        N/A       19%         5
 Summon Cactus Giant      Summ           27%        N/A       19%         6
 Olgreb's Toxic Radiance  Pois           23%        N/A       21%         4
 Passage of Golubria      Tloc           22%        N/A       21%         4
 Leda's Liquefaction      Hex/Erth       8%         N/A       32%         4
 Yara's Violent Unravell  Hex/Tmut       8%         3d5       67%         5


Dungeon Overview and Level Annotations

Branches:
Dungeon (9/15)             Temple (1/1) D:7             Orc (0/2) D:9
  Sewer (visited)         Ossuary (visited)
   Lair: D:8-11

Altars:
Ashenzari
Cheibriados
Dithmenos
Elyvilon
Fedhas
Gozag
Hepliaklqana
Kikubaaqudgha
Makhleb
Nemelex Xobeh
Ru
Trog
Uskayaw
Vehumet
Wu Jian
Xom
Yredelemnul
Zin
The Shining One

Shops:
D:5 *


Message History

You whack the yak!
The yak is poisoned.
The yak is almost dead.
You feel stable enough to blink again.
You kill the yak!
Vehumet accepts your kill.
You feel your power returning.
The yak seems less confused.
Casting: Mephitic Cloud (dangerous; 2% risk of failure)
Confirm with . or Enter, or press ? or * to list all spells.
Aiming: Mephitic Cloud (dangerous; 2% risk of failure)
Press: ? - help, Shift-Dir - straight line, f - yak
Aim: a yak (almost dead, chance to affect: 67%)
The ball explodes into a vile cloud!
The stinking cloud engulfs the yak but does no damage.
The yak is almost dead.
The stinking cloud engulfs the yak but does no damage.
The yak is engulfed in noxious fumes.
The yak appears confused.
The yak is engulfed in noxious fumes.
The yak appears confused.
You hit the yak but do no damage.
The yak is engulfed in noxious fumes.
Casting: Mephitic Cloud (dangerous; 2% risk of failure)
Confirm with . or Enter, or press ? or * to list all spells.
Aiming: Magic Dart (safe; 1% risk of failure)
Press: ? - help, Shift-Dir - straight line, f/p - yak
Aim: a yak (noxious fumes, almost dead, confused, 100% to hit)
The magic dart hits the yak.
You kill the yak!
Vehumet accepts your kill.
You hit the yak.
The yak is poisoned.
The yak is lightly wounded.
The yak gores you but does no damage.
You barely miss the yak.
The yak is lightly wounded.
The yak gores you!
* * * LOW HITPOINT WARNING * * *
The yak completely misses itself.
You barely miss the yak.
The yak is moderately wounded.
You whack the yak!
The yak looks as sick as possible!
The yak is moderately wounded.
The yak gores you!
You die...

# # # # #+## # ...# #
####...# # #.@.†°.#
###### #.#Y...# ##.....
...#†...# #......
#####†#+## #......
#.#####.#.#######....<)
.............(....)....
...............##......
#.#####.#.####.##.#####
#.#.# #..#.#####


You could see a yak (confused, extremely poisoned).

Vanquished Creatures
  Erolcha (D:9)
  Amaemon (D:8)
  An orange demon (D:8)
  A kobold demonologist (D:9)
  A hornet (D:9)
  A wyvern (D:9)
  13 yaks (D:9)
  3 water moccasins
  3 orc warriors (D:9)
  2 sky beasts (D:7)
  A black bear (D:6)
  An ogre (D:4)
  3 centaurs
  A phantom (D:5)
  A bullfrog (D:9)
  2 kobold brigands
  Blork the orc (D:4)
  3 scorpions
  2 gnoll sergeants
  6 wights
  11 killer bees
  A jelly (D:5)
  3 hounds
  An orc priest (D:7)
  A quasit (D:5)
  2 gnoll boudas
  7 iguanas
  5 orc wizards
  8 mummies (Ossuary)
  Robin (D:3)
  4 adders
  16 gnolls
  A river rat (D:4)
  6 shadow imps
  2 white imps
  2 ufetubi
  2 worms
  2 dart slugs
  27 orcs
  6 bats
  9 endoplasms
  6 giant cockroaches
  2 gnoll zombies (Ossuary)
  19 goblins
  6 hobgoblins
  7 jackals (D:1)
  3 quokkas
  14 ball pythons
  3 frilled lizards
  3 hobgoblin zombies (Ossuary)
  20 kobolds
  2 kobold zombies (Ossuary)
  An orc zombie (Ossuary)
  12 rats
263 creatures vanquished.

Vanquished Creatures (collateral kills)
  3 yaks (D:9)
  A gnoll sergeant (D:6)
  3 wights (D:8)
  A killer bee (D:9)
  A gnoll (D:9)
9 creatures vanquished.

Vanquished Creatures (others)
  A killer bee (D:8)
  A gnoll (D:9)
  A demonic plant (D:5)
  6 plants (D:4)
9 creatures vanquished.

Grand Total: 281 creatures vanquished

Notes
Turn   | Place    | Note
-------+----------+-------------------------------------------
     0 | D:1      | pokeman the Deep Elf Hedge Wizard began the quest for the
                  | Orb.
     0 | D:1      | Reached XP level 1. HP: 10/10 MP: 7/7
   234 | D:1      | Reached XP level 2. HP: 16/16 MP: 6/9
   752 | D:1      | Reached skill level 5 in Spellcasting
   810 | D:1      | Reached XP level 3. HP: 20/20 MP: 3/11
   814 | D:1      | Learned a level 3 spell: Mephitic Cloud
   817 | D:1      | Learned a level 2 spell: Call Imp
   820 | D:1      | Learned a level 2 spell: Blink
  1763 | D:2      | Reached skill level 1 in Fighting
  1817 | D:2      | Reached skill level 1 in Armour
  2471 | D:3      | Noticed Robin
  2614 | D:3      | Reached XP level 4. HP: 25/25 MP: 6/13
  2764 | D:3      | Killed Robin
  2882 | D:3      | Found a blossoming altar of Fedhas.
  3011 | D:3      | Reached skill level 6 in Spellcasting
  3114 | D:3      | Found an ancient bone altar of Kikubaaqudgha.
  3255 | D:3      | Reached XP level 5. HP: 29/29 MP: 13/15
  3450 | D:3      | Found a glowing silver altar of Zin.
  3453 | D:3      | Found a basalt altar of Yredelemnul.
  3591 | D:3      | Found a faded altar of an unknown god.
  3660 | D:4      | Noticed an ogre
  3682 | D:4      | HP: 1/29 [ogre/+0 giant club (25)]
  3691 | D:4      | Killed an ogre
  3692 | D:4      | Reached skill level 1 in Air Magic
  3692 | D:4      | Reached skill level 1 in Poison Magic
  3694 | D:4      | Reached XP level 6. HP: 5/34 MP: 1/17
  3711 | D:4      | Found a white marble altar of Elyvilon.
  3816 | D:4      | Found a glowing drain.
  3819 | D:4      | Noticed Blork the orc
  3851 | D:4      | Killed Blork the orc
  3852 | D:4      | Reached skill level 7 in Spellcasting
  3882 | Sewer    | Entered a sewer
  4492 | D:4      | Reached XP level 7. HP: 29/39 MP: 13/20
  5084 | D:5      | Entered Level 5 of the Dungeon
  5084 | D:5      | Found Domoguag's Assorted Antiques.
  5091 | D:5      | Reached skill level 1 in Evocations
  5119 | D:5      | Bought a scroll labelled TUUPNO XIANAE for 21 gold pieces
  5119 | D:5      | Bought a viscous inky potion for 18 gold pieces
  5119 | D:5      | Bought a clear potion for 18 gold pieces
  5158 | D:5      | Reached skill level 8 in Spellcasting
  5804 | D:5      | Reached XP level 8. HP: 44/44 MP: 16/22
  5951 | D:5      | Reached skill level 9 in Spellcasting
  6437 | D:6      | Found a sand-covered staircase.
  6447 | Ossuary  | Entered an ossuary
  7090 | D:6      | Reached skill level 5 in Conjurations
  7550 | D:6      | Reached skill level 10 in Spellcasting
  8134 | D:7      | Reached XP level 9. HP: 38/48 MP: 14/25
  8261 | D:7      | Found a staircase to the Ecumenical Temple.
  8302 | Temple   | Entered the Ecumenical Temple
  8334 | Temple   | Became a worshipper of Vehumet
  8377 | D:7      | Reached skill level 5 in Summonings
  8388 | D:7      | Reached skill level 11 in Spellcasting
  8518 | D:7      | Found a glowing golden altar of the Shining One.
  9212 | D:7      | Learned a level 3 spell: Call Canine Familiar
  9265 | D:8      | Noticed Amaemon
  9265 | D:8      | Noticed an orange demon
  9276 | D:8      | Killed an orange demon
  9386 | D:8      | Paralysed by Amaemon for 3 turns
  9422 | D:8      | Killed Amaemon
  9423 | D:8      | Reached skill level 12 in Spellcasting
 10199 | D:8      | Reached XP level 10. HP: 51/56 MP: 18/28
 10380 | D:8      | Reached * piety under Vehumet
 10380 | D:8      | Offered knowledge of Shock by Vehumet.
 10755 | D:9      | Noticed a smoke demon
 10814 | D:9      | Reached skill level 13 in Spellcasting
 11108 | D:9      | Reached skill level 14 in Spellcasting
 11398 | D:9      | Noticed Erolcha
 11429 | D:9      | Found a staircase to the Orcish Mines.
 11452 | D:9      | Killed Erolcha
 11453 | D:9      | Reached skill level 5 in Fighting
 11747 | D:9      | Reached XP level 11. HP: 53/63 MP: 28/31
 11762 | D:9      | Slain by a yak

Illustrated notes

Levels and vault maps discovered:
D:1:      denvon_arrival_waterhouse, layout_basic, serial_forest,
          infiniplex_forest_diagonal, infiniplex_forest_side_room,
          infiniplex_forest_straight_2, infiniplex_forest_end_2,
          infiniplex_forest_lined_3, infiniplex_forest_lined_3,
          infiniplex_forest_corner_1, infiniplex_forest_clump_tiny
D:2:      layout_basic
D:3:      layout_loops_ring, mainiacjoe_overflow_small_starburst,
          nicolae_overflow_hidden_temple, basic_ecumenical_altar,
          kennysheep_generic_room_16, uniq_robin
D:4:      layout_loops_ring, nicolae_elyvilon_temple_path, portal_sewer_entry_c,
          corner_web_ring, uniq_blork_the_orc
D:5:      layout_loops_ring, serial_shops, nicolae_shop_overgrown_old_shop,
          serial_demonic, serial_demonic_e, serial_demonic_b, serial_demonic_b,
          serial_demonic_b
D:6:      minmay_octagon_keep, layout_gridville, nicolae_ossuary_entry_ruins
D:7:      layout_cave_pools, mainiacjoe_overflow_brackets, temple_doors_e,
          hellmonk_bongcloud_opening
D:8:      layout_gridville, uniq_amaemon
D:9:      layout_basic, david_orc_2, uniq_erolcha
Temple:   nicolae_temple_bog_church

Skill      XL: |  1  2  3  4  5  6  7  8  9 10 |
---------------+-------------------------------+-----
Spellcasting   | 5 6 7 8 10 12 14 | 14.6
Fighting       | 1 2 3 5 |  5.2
Armour         | 1 3 |  3.0
Conjurations   | 2 3 4 5 7 8 |  8.5
Dodging        | 3 |  3.0
Stealth        | 3 |  3.0
Air Magic      | 1 |  1.1
Poison Magic   | 1 |  1.2
Summonings     | 2 3 4 6 7 |  7.9
Evocations     | 1 |  1.0
Translocations | |  1.1

Action                     |  1- 3 |  4- 6 |  7- 9 | 10-12 || total
---------------------------+-------+-------+-------+-------++-------
  Melee: Dagger            |    20 |    73 |   111 |       ||   204
         Punch             |       |     1 |     1 |     3 ||     5
         Demon whip        |       |       |    19 |   125 ||   144
   Cast: Magic Dart        |   125 |    88 |   278 |    23 ||   514
         Mephitic Cloud    |     1 |    11 |    38 |    35 ||    85
         Call Imp          |       |     2 |     7 |     2 ||    11
         Blink             |       |     1 |       |     2 ||     3
         Call Canine Famil |       |       |     6 |     6 ||    12
    Use: Potion            |       |       |     1 |       ||     1
   Stab: Confused          |       |     6 |    27 |    11 ||    44
         Sleeping          |       |     1 |       |       ||     1
 Armour: Robe              |     8 |    14 |    23 |    12 ||    57
  Dodge: Dodged            |    17 |    55 |   136 |    65 ||   273

Table legend: (Time is in decaauts)
 A = Elapsed time spent in this place.
 B = Non-inter-level travel time spent in this place.
 C = Inter-level travel time spent in this place.
 D = Time resting spent in this place.
 E = Time spent auto-exploring this place.
 F = Levels seen in this place.
 G = Mean time per level.
                   A        B        C        D        E       F      G
               +--------+--------+--------+--------+--------+-----+--------+
         Total |  11852 |  11560 |    292 |    486 |   9017 |  12 |  987.7 |
       Dungeon |  10618 |  10352 |    266 |    486 |   8044 |   9 | 1179.8 |
        Temple |     48 |     22 |     26 |      0 |     14 |   1 |   48.0 |
         Sewer |    606 |    606 |      0 |      0 |    501 |   1 |  606.0 |
       Ossuary |    578 |    578 |      0 |      0 |    458 |   1 |  578.0 |
               +--------+--------+--------+--------+--------+-----+--------+

Top non-repeatable levels by time:
     D:8: 1455 daAuts
     D:1: 1421 daAuts
     D:5: 1346 daAuts
     D:7: 1221 daAuts
     D:2: 1139 daAuts
     D:6: 1098 daAuts
     D:3: 1067 daAuts
     D:9: 950 daAuts
     D:4: 917 daAuts
   Sewer: 606 daAuts
 Ossuary: 578 daAuts
  Temple: 48 daAuts
